 Dungeon Crawl Stone Soup version 0.20.0-4-g10b340a (webtiles) character file.

91655 nikopol the Blocker (level 16, 0/103 HPs)
             Began as a Gargoyle Fighter on May 27, 2017.
             Was the Champion of Okawaru.
             Slain by an enormous slime creature (62 damage)
             ... on level 15 of the Dungeon.
             The game lasted 01:20:36 (23082 turns).

nikopol the Blocker (Gargoyle Fighter)             Turns: 23082, Time: 01:20:37

Health: 0/103      AC: 39    Str: 34    XL:     16   Next: 3%
Magic:  6/6        EV: 11    Int: 13    God:    Okawaru [******]
Gold:   2244       SH: 14    Dex: 13    Spells: 14/21 levels left

rFire    x . .     SeeInvis .   a - +9 trident "Obe Fost" {antimagic, +Rage rC+ Dex-3}
rCold    + . .     Gourm    .   M - +3 warlock's mirror {reflect}
rNeg     + . .     Faith    .   O - +4 plate armour {MR+}
rPois    ∞         Spirit   .   s - +1 helmet {Int+3}
rElec    +         Reflect  +   e - scarf {repulsion}
rCorr    +         Harm     .   d - +2 pair of gloves of the Red Skies {rF- Regen+ Str+4 Dex+4}
MR       +++..                  T - +1 pair of boots {Fly}
Stlth    ..........             y - +4 amulet of reflection
Regen    0.7/turn               E - ring "Arelick" {rElec MR+ Str+7}
MPRegen  0.1/turn               F - ring of resist corrosion

@: flying, repel missiles
A: big wings, negative energy resistance 1, electricity resistance, unbreathing,
petrification resistance, rot immunity, AC +11
a: Stop Flying, Heroism, Finesse, Renounce Religion, Evoke Berserk Rage


You were on level 15 of the Dungeon.
You worshipped Okawaru.
Okawaru was exalted by your worship.
You were not hungry.

You visited 4 branches of the dungeon, and saw 24 of its levels.
You also visited: Labyrinth and Bailey.

You collected 3066 gold pieces.
You spent 822 gold pieces at shops.

Inventory:

Hand Weapons
 a - the +9 trident "Obe Fost" (weapon) {antimagic, +Rage rC+ Dex-3}
   (You found it on level 6 of the Dungeon)

   It reduces the magical energy of the wielder, and disrupts the spells and
   magical abilities of those hit.
   Natural abilities and divine invocations are not affected.
   It affects your dexterity (-3).
   It protects you from cold.
   It lets you go berserk.
 z - a +4 flail
 L - the +7 morningstar "Xoiss" {freeze, *Drain rPois rC+ MR++}
   (Okawaru gifted it to you on level 6 of the Lair of Beasts)

   It has been specially enchanted to freeze those struck by it, causing extra
   injury to most foes and up to half again as much damage against particularly
   susceptible opponents.
   It can also slow down cold-blooded creatures.
   It protects you from cold.
   It protects you from poison.
   It affects your resistance to hostile enchantments.
   It causes draining when unequipped.
Missiles
 U - 12 throwing nets (quivered)
Armour
 d - the +2 pair of gloves of the Red Skies (worn) {rF- Regen+ Str+4 Dex+4}
   (Okawaru gifted it to you on level 10 of the Dungeon)

   It affects your strength (+4).
   It affects your dexterity (+4).
   It makes you vulnerable to fire.
   It increases your rate of regeneration.
 e - a scarf of repulsion (worn)
 s - a +1 helmet of intelligence (worn)
 M - the +3 warlock's mirror (worn) {reflect}
   (You bought it in a shop on level 2 of the Orcish Mines)
 O - a +4 plate armour of magic resistance (worn)
 T - a +1 pair of boots of flying (worn)
Jewellery
 o - an uncursed ring of positive energy
 y - a +4 amulet of reflection (around neck)
 E - the ring "Arelick" (left hand) {rElec MR+ Str+7}
   (You found it in a labyrinth)

   [ring of protection from magic]

   It affects your strength (+7).
   It insulates you from electricity.
   It affects your resistance to hostile enchantments.
 F - a ring of resist corrosion (right hand)
 H - an uncursed ring of protection from cold
Wands
 t - a wand of lightning (7/15)
 B - a wand of disintegration (12/24)
 G - a wand of lightning (9/15)
 N - a wand of digging (12/24)
 P - a wand of scattershot (5/9)
 Q - a wand of flame (23/48)
 V - a wand of scattershot (6/9)
 Z - a wand of iceblast (9/15)
Scrolls
 i - 13 scrolls of identify
 l - 2 scrolls of blinking
 q - 4 scrolls of fear
 u - 5 scrolls of remove curse
 w - 7 scrolls of enchant weapon
 x - 5 scrolls of magic mapping
 A - 3 scrolls of recharging
 C - 6 scrolls of amnesia
 D - 8 scrolls of teleportation
 J - a scroll of enchant armour
 S - 2 scrolls of summoning
 X - a scroll of fog
Potions
 c - 2 potions of ambrosia
 g - 2 potions of invisibility
 h - 7 potions of heal wounds
 k - 3 potions of magic
 m - 17 potions of curing
 n - 2 potions of berserk rage
 v - 2 potions of brilliance
 I - 4 potions of cancellation
 K - 4 potions of agility
 R - 2 potions of haste
 Y - 2 potions of might
Comestibles
 b - 29 fruits
 f - 19 bread rations
 j - 12 royal jellies
 p - 5 chunks of flesh
 r - 9 meat rations


   Skills:
 + Level 12.5 Fighting
   Level 7.2(11.9) Axes
 - Level 4.0(6.4) Maces & Flails
 + Level 14.1(14.7) Polearms
 + Level 11.6 Armour
 + Level 5.0 Dodging
 - Level 1.6 Stealth
 + Level 14.5 Shields
 + Level 3.2 Spellcasting
 + Level 3.6 Translocations
 + Level 1.0 Evocations


You had 14 spell levels left.
You knew the following spells:

 Your Spells              Type           Power        Failure   Level  Hunger
a - Song of Slaying       Chrm           #.......     88%         2    ##.....
b - Regeneration          Chrm/Necr      #.........   98%         3    ###....
c - Blink                 Tloc           N/A          36%         2    ##.....


Dungeon Overview and Level Annotations

Branches:
Dungeon (15/15)            Temple (1/1) D:7            Lair (6/6) D:11
 Shoals (0/4) Lair:2       Spider (0/4) Lair:3        Slime (0/5) Lair:6
    Orc (2/2) D:12            Elf (0/3) Orc:2        Vaults (0/5) D:13
 Depths: D:15

Altars:
Ashenzari
Cheibriados
Dithmenos
Elyvilon
Fedhas
Gozag
Hepliaklqana
Kikubaaqudgha
Makhleb
Nemelex Xobeh
Okawaru
Qazlal
Ru
Sif Muna
Trog
Uskayaw
Vehumet
Xom
Yredelemnul
Zin
The Shining One
Jiyva

Shops:
D:4 *   D:10 %   Orc:2 *[([(


Innate Abilities, Weirdness & Mutations

You are resistant to torment.
Your stone body is resilient. (AC +11)
You are immune to poison.
Your large and strong wings let you fly indefinitely.
You resist negative energy. (rN+)
You are resistant to electric shocks. (rElec)
You can survive without breathing.
You are immune to petrification.
You are immune to rotting.


Message History

You puncture the enormous slime creature!
The enormous slime creature is heavily wounded.
You hit the enormous slime creature.
The enormous slime creature is heavily wounded.
You block the enormous slime creature's attack.
You impale the enormous slime creature!!
The enormous slime creature is severely wounded.
You puncture the enormous slime creature!
The enormous slime creature is severely wounded.
The enormous slime creature hits you!!!
You hit the enormous slime creature but do no damage.
The enormous slime creature is severely wounded.
The enormous slime creature misses you.
You puncture the enormous slime creature!
The enormous slime creature is severely wounded.
You puncture the enormous slime creature!
The enormous slime creature is severely wounded.
The enormous slime creature hits you!!!
Ouch! That really hurt!
You die...

#.......... ##.########
#.# #.# #.# #. ##.### #
.#..# #....## ##
?.....########.....####.
......J@..............+.
##....##########...####.
....# #..## ## ### #.##
# #.# ####.#####
#........# #.##.###.##
#.##......#


You could see an enormous slime creature.

Vanquished Creatures
  A stone giant (Orc:2)
  An ettin (Orc:1)
  A minotaur (Lab)
  11 hydras
  Harold (Lair:3)
  An ogre mage (D:12)
  2 centaur warriors
  A tengu warrior (D:13)
  8 two-headed ogres
  The ghost of Zooty the Slicer, a novice HaAs of Kikubaaqudgha (D:9)
  An orc high priest (Orc:2)
  Nergalle (D:10)
  A skeletal warrior (D:13)
  3 unseen horrors
  An orange crystal statue (D:8)
  13 deep elf magi
  A faun (Lair:2)
  4 orc sorcerers (Orc:2)
  A wolf spider (Lair:6)
  3 orc knights
  A manticore (D:12)
  A cyclops (D:12)
  6 ugly things
  Joseph (D:8)
  3 elephants (Lair:5)
  A guardian serpent (Lair:6)
  6 black mambas
  3 torpor snails (Lair:3)
  16 spiny frogs
  2 rime drakes
  5 komodo dragons
  An efreet (D:13)
  3 yaktaurs
  A tengu conjurer (D:13)
  3 hornets
  9 trolls
  A minotaur skeleton (Lab)
  3 slime creatures (D:14)
  17 blink frogs
  4 dream sheep (Lair:5)
  13 hippogriffs
  A spriggan (shapeshifter) (D:12)
  A vampire (D:12)
  9 spriggans
  5 water elementals
  52 yaks
  6 redbacks
  19 wyverns
  5 basilisks
  2 hungry ghosts
  A soldier ant (D:12)
  4 wargs (Orc:2)
  14 water moccasins
  7 porcupines
  3 ice beasts
  20 orc warriors
  3 sky beasts
  6 black bears
  A necrophage (D:11)
  6 ogres
  A boggart (D:13)
  3 phantoms
  8 centaurs
  42 wolves
  11 crocodiles
  6 big kobolds
  14 bullfrogs
  8 gnoll sergeants (Bailey)
  2 wyvern zombies (D:14)
  2 wyvern skeletons
  4 scorpions
  7 killer bees
  13 wights
  8 electric eels
  3 centaur zombies
  9 crimson imps
  13 hounds
  A quasit (D:11)
  2 jellies
  7 centaur skeletons
  7 gnoll shamans
  25 orc priests
  30 orc wizards
  7 bullfrog skeletons
  11 iguanas
  12 worker ants
  A killer bee zombie (D:8)
  A hound zombie (D:5)
  23 gnolls
  A river rat (D:3)
  16 adders
  5 shadow imps
  An adder zombie (D:8)
  6 worms
  2 dart slugs
  6 leopard geckos
  58 orcs
  10 bats
  5 giant cockroaches
  9 goblins
  9 hobgoblins
  16 jackals
  7 quokkas
  4 ball pythons
  4 frilled lizards
  A giant cockroach zombie (D:5)
  A jackal zombie (D:5)
  12 kobolds
  3 quokka skeletons
  A quokka zombie (D:5)
  8 rats
  7 fungi
  3 plants
798 creatures vanquished.

Vanquished Creatures (collateral kills)
  A crocodile (Lair:3)
1 creature vanquished.

Vanquished Creatures (others)
  2 yaktaurs (D:13)
  13 fungi (Lair:6)
  12 plants
27 creatures vanquished.

Grand Total: 826 creatures vanquished

Notes
Turn   | Place    | Note
-------+----------+-------------------------------------------
     0 | D:1      | nikopol the Gargoyle Fighter began the quest for the Orb.
     0 | D:1      | Reached XP level 1. HP: 14/14 MP: 1/1
   211 | D:1      | Reached XP level 2. HP: 19/19 MP: 2/2
   893 | D:1      | Reached XP level 3. HP: 22/23 MP: 3/3
  1459 | D:2      | Reached XP level 4. HP: 29/29 MP: 4/4
  2460 | D:3      | Reached XP level 5. HP: 28/33 MP: 5/5
  3312 | D:4      | Reached XP level 6. HP: 24/38 MP: 6/6
  3385 | D:4      | Reached skill level 1 in Dodging
  3606 | D:4      | Found Susei's Assorted Antiques.
  3614 | D:4      | Bought a runed scale mail for 182 gold pieces
  3664 | D:5      | Entered Level 5 of the Dungeon
  3725 | D:5      | Found an ancient bone altar of Kikubaaqudgha.
  3928 | D:5      | Noticed a hippogriff
  3939 | D:5      | Killed a hippogriff
  3939 | D:5      | Reached skill level 5 in Armour
  3939 | D:5      | Reached XP level 7. HP: 27/44 MP: 7/7
  4109 | D:5      | Found a stormy altar of Qazlal.
  4182 | D:5      | Reached skill level 5 in Shields
  4228 | D:5      | Found a glowing silver altar of Zin.
  4228 | D:5      | Found a bloodstained altar of Trog.
  4228 | D:5      | Found an iron altar of Okawaru.
  4228 | D:5      | Found a snail-covered altar of Cheibriados.
  4240 | D:5      | Reached skill level 5 in Axes
  4266 | D:5      | Found a stormy altar of Qazlal.
  4266 | D:5      | Found a white marble altar of Elyvilon.
  4490 | D:6      | Reached XP level 8. HP: 48/48 MP: 8/8
  4549 | D:6      | Reached skill level 5 in Fighting
  4763 | D:6      | Got a jewelled trident
  4764 | D:6      | Identified the +9 trident "Obe Fost" {antimagic, +Rage rC+ Dex-3} (You found it on level 6 of the Dungeon)
  5126 | D:6      | Reached skill level 1 in Polearms
  5136 | D:6      | Reached XP level 9. HP: 43/54 MP: 3/9
  5950 | D:7      | Found a staircase to the Ecumenical Temple.
  6242 | Temple   | Entered the Ecumenical Temple
  6389 | D:6      | Noticed a troll
  6398 | D:6      | Killed a troll
  6512 | D:5      | Became a worshipper of Warmaster Okawaru
  7008 | D:8      | Noticed Joseph
  7019 | D:8      | Killed Joseph
  7019 | D:8      | Reached * piety under Okawaru
  7019 | D:8      | Reached skill level 5 in Polearms
  7200 | D:8      | Reached XP level 10. HP: 60/60 MP: 3/10
  7227 | D:8      | Noticed a two-headed ogre
  7240 | D:8      | Killed a two-headed ogre
  7261 | D:8      | Noticed a two-headed ogre
  7271 | D:8      | Killed a two-headed ogre
  7271 | D:8      | Reached ** piety under Okawaru
  7361 | D:8      | Noticed an orange crystal statue
  7381 | D:8      | Killed an orange crystal statue
  7652 | D:9      | Noticed a two-headed ogre
  7664 | D:9      | Killed a two-headed ogre
  7664 | D:9      | Reached *** piety under Okawaru
  7782 | D:9      | Reached XP level 11. HP: 62/67 MP: 3/11
  7831 | D:9      | Found a shattered altar of Ashenzari.
  7967 | D:9      | Reached **** piety under Okawaru
  8260 | D:9      | Noticed Zooty's ghost (novice HaAs)
  8289 | D:9      | Killed Zooty's ghost
  8733 | D:10     | Entered Level 10 of the Dungeon
  8755 | D:10     | Noticed a two-headed ogre
  8764 | D:10     | Killed a two-headed ogre
  8764 | D:10     | Reached ***** piety under Okawaru
  8772 | D:10     | Found Ficullol's Food Shoppe.
  8778 | D:10     | Found a flagged portal.
  8787 | Bailey   | Entered a bailey
  9347 | D:10     | Noticed Nergalle
  9379 | D:10     | Killed Nergalle
  9379 | D:10     | Received a gift from Okawaru
  9382 | D:10     | Got a pair of smoking gloves {god gift}
  9388 | D:10     | Identified the +2 pair of gloves of the Red Skies {rF- Regen+ Str+4 Dex+4} (Okawaru gifted it to you on level 10 of the Dungeon)
  9501 | D:10     | Noticed a two-headed ogre
  9517 | D:10     | Killed a two-headed ogre
  9532 | D:10     | You fall through a shaft for 2 floors!
  9539 | D:12     | Noticed a deep elf mage
  9548 | D:12     | Killed a deep elf mage
  9582 | D:12     | Noticed an ogre mage
  9621 | D:12     | Killed an ogre mage
  9621 | D:12     | Reached XP level 12. HP: 68/74 MP: 4/12
  9807 | D:11     | Reached skill level 10 in Shields
  9948 | D:11     | Noticed a four-headed hydra
  9950 | D:11     | Reached skill level 10 in Polearms
  9961 | D:11     | Killed a four-headed hydra
  9989 | D:11     | Found a staircase to the Lair.
 10103 | D:10     | Reached skill level 1 in Stealth
 10291 | D:10     | Noticed a two-headed ogre
 11467 | Lair:1   | Entered Level 1 of the Lair of Beasts
 11581 | Lair:1   | Reached ****** piety under Okawaru
 11746 | Lair:1   | Received a gift from Okawaru
 11852 | Lair:1   | Reached XP level 13. HP: 77/80 MP: 4/13
 12317 | Lair:2   | Found a staircase to the Shoals.
 12452 | Lair:2   | Reached skill level 1 in Evocations
 13231 | Lair:2   | Identified 2 scrolls of acquirement
 13356 | Lair:3   | Received a gift from Okawaru
 13407 | Lair:3   | Noticed Harold
 13421 | Lair:3   | Killed Harold
 13443 | Lair:3   | Found a hole to the Spider Nest.
 13574 | Lair:3   | Reached skill level 10 in Fighting
 13812 | Lair:3   | Found a snail-covered altar of Cheibriados.
 14629 | Lair:4   | Got a dazzling war axe
 14630 | Lair:4   | Identified the +4 war axe "Mutimm" {freeze, *Slow Str+8} (You found it on level 4 of the Lair of Beasts)
 14689 | Lair:4   | Reached skill level 10 in Armour
 14695 | Lair:4   | Gained mutation: Your large and strong wings let you fly indefinitely. [Gargoyle growth]
 14695 | Lair:4   | Reached XP level 14. HP: 88/88 MP: 4/14
 15069 | Lair:5   | Received a gift from Okawaru
 15453 | Lair:5   | Learned a level 2 spell: Song of Slaying
 15457 | Lair:5   | Learned a level 3 spell: Regeneration
 15480 | Lair:5   | Learned a level 2 spell: Blink
 16130 | Lair:6   | Entered Level 6 of the Lair of Beasts
 16151 | Lair:6   | Reached skill level 1 in Spellcasting
 16158 | Lair:6   | Reached skill level 1 in Translocations
 16251 | Lair:6   | Received a gift from Okawaru
 16296 | Lair:6   | Got a bloodstained morningstar {god gift}
 16297 | Lair:6   | Identified the +7 morningstar "Xoiss" {freeze, *Drain rPois rC+ MR++} (Okawaru gifted it to you on level 6 of the Lair of Beasts)
 16355 | Lair:6   | Got a dazzling chain mail
 16376 | Lair:6   | Identified the cursed +1 chain mail of the Disturbing Wonders {MP-9 Int+5} (You found it on level 6 of the Lair of Beasts)
 17249 | Lair:6   | Found a viscous altar of Jiyva.
 17249 | Lair:6   | Found a staircase to the Slime Pits.
 17318 | Lair:6   | Received a gift from Okawaru
 18239 | D:12     | Found a sacrificial altar of Ru.
 18318 | D:12     | Reached XP level 15. HP: 72/95 MP: 6/19
 18452 | D:12     | Got a heavily runed ring mail
 18463 | D:12     | Identified the +6 ring mail of the Game of Kings {+Inv Str+4} (You found it on level 12 of the Dungeon)
 18479 | D:12     | Got an ancient sapphire amulet
 18480 | D:12     | Identified the amulet "Aliurin" {RegenMP rPois Dex+2} (You found it on level 12 of the Dungeon)
 18496 | D:12     | Found an opulent altar of Gozag.
 18497 | D:12     | Found an ancient bone altar of Kikubaaqudgha.
 18498 | D:12     | Found a bloodstained altar of Trog.
 18498 | D:12     | Found a snail-covered altar of Cheibriados.
 18534 | D:12     | Received a gift from Okawaru
 18728 | D:12     | Got an ichor-stained scale mail
 18739 | D:12     | Identified the cursed +0 scale mail "Gibukas" {rElec rPois Str+3 Int-3} (You found it on level 12 of the Dungeon)
 18803 | D:12     | Found a shimmering altar of Xom.
 18897 | D:12     | Found a staircase to the Orcish Mines.
 19212 | Orc:1    | Entered Level 1 of the Orcish Mines
 19509 | Orc:2    | Entered Level 2 of the Orcish Mines
 19627 | Orc:2    | Reached skill level 5 in Dodging
 20455 | Orc:2    | Found Butagoge's Antique Armour Boutique.
 20456 | Orc:2    | Found Heijag's Weapon Boutique.
 20457 | Orc:2    | Found Medyumuj's Weapon Shop.
 20460 | Orc:2    | Found Gugiamir's Armour Shop.
 20466 | Orc:2    | Bought the +3 warlock's mirror {reflect} for 640 gold pieces
 20644 | Orc:2    | Found a staircase to the Elven Halls.
 20678 | Orc:2    | Found Agi Qemn's Assorted Antiques.
 20998 | D:13     | Found a white marble altar of Elyvilon.
 21134 | D:13     | Received a gift from Okawaru
 21355 | D:13     | Found a gate to the Vaults.
 21492 | D:14     | Found a labyrinth entrance.
 21520 | Lab      | Entered a labyrinth
 21763 | Lab      | Identified Cec Vargh's Disquisition on Black Arts
 21807 | Lab      | Got a coiled copper ring
 21817 | Lab      | Identified the ring "Arelick" {rElec MR+ Str+7} (You found it in a labyrinth)
 22022 | D:14     | Received a gift from Okawaru
 22316 | D:14     | Received a gift from Okawaru
 22484 | D:14     | Found a deep blue altar of Sif Muna.
 22727 | D:15     | Entered Level 15 of the Dungeon
 22956 | D:15     | Reached XP level 16. HP: 100/103 MP: 6/20
 23082 | D:15     | Slain by an enormous slime creature

Skill      XL: |  1  2  3  4  5  6  7  8  9 10 11 12 13 14 15 |
---------------+----------------------------------------------+-----
Axes           | 2 3 4 5 7 |  7.2
Armour         | 4 5 6 7 8 10 11 | 11.6
Shields        | 4 5 7 8 9 11 12 13 14 | 14.5
Fighting       | 4 5 6 7 8 9 10 11 12 | 12.5
Dodging        | 1 2 3 4 5 |  5.0
Polearms       | 1 5 7 9 11 12 13 14 | 14.1
Maces & Flails | 3 4 |  4.0
Stealth        | 1 |  1.6
Evocations     | 1 |  1.0
Spellcasting   | 3 |  3.2
Translocations | 3 |  3.6

Action                   |  1- 3 |  4- 6 |  7- 9 | 10-12 | 13-15 | 16-18 || total
-------------------------+-------+-------+-------+-------+-------+-------++-------
Melee: War axe           |   120 |   287 |   118 |       |       |       ||   525
       Trident           |       |       |   217 |   806 |  1937 |    43 ||  3003
       Flail             |       |       |       |    53 |    63 |       ||   116
Invok: Heroism           |       |       |       |       |     1 |       ||     1
Evoke: Wand              |       |       |       |       |     6 |       ||     6
  Use: Scroll            |       |     9 |       |    15 |    26 |       ||    50
       Potion            |       |       |       |     1 |       |       ||     1
  Eat: Chunk             |     2 |     9 |    11 |    20 |    33 |     1 ||    76
       Meat ration       |       |       |       |       |     1 |       ||     1
Armor: Scale mail        |    83 |   143 |    83 |       |       |       ||   309
       Chain mail        |       |       |    49 |   360 |   474 |       ||   883
       Plate armour      |       |       |       |       |   274 |     9 ||   283
Dodge: Dodged            |    45 |    89 |    89 |   241 |   446 |     6 ||   916
       Deflected         |       |       |       |       |    12 |       ||    12
Block: Shield            |    70 |   191 |   143 |   483 |  1152 |       ||  2039
       Reflection        |       |       |       |       |    33 |       ||    33
       Buckler           |       |       |       |       |   206 |    10 ||   216
